 Dungeon Crawl Stone Soup version 0.20.1-1-g8b1a95d66d (webtiles) character file.

193 Gargoyl the Skirmisher (level 5, 0/46 HPs)
             Began as a Centaur Abyssal Knight on Dec 26, 2017.
             Was a Believer of Lugonu.
             Killed from afar by an orc wizard (4 damage)
             ... with a magic dart
             ... on level 3 of the Dungeon.
             The game lasted 00:04:55 (2698 turns).

Gargoyl the Skirmisher (Centaur Abyssal Knight)     Turns: 2698, Time: 00:04:55

Health: 0/46       AC:  9    Str: 15    XL:     5   Next: 44%
Magic:  7/7        EV:  2    Int: 11    God:    Lugonu [**....]
Gold:   194        SH:  0    Dex:  9    Spells: 4/4 levels left

rFire    . . .     SeeInvis .   a - +1 hand axe
rCold    . . .     Gourm    .   (no shield)
rNeg     . . .     Faith    .   g - +0 plate armour
rPois    .         Spirit   .   (no helmet)
rElec    .         Reflect  .   (no cloak)
rCorr    .         Harm     .   (no gloves)
MR       .....                  (no barding)
Stlth    ..........             (no amulet)
Regen    0.2/turn               (no ring)
MPRegen  0.1/turn               (no ring)

@: very quick
A: hooves 3, deformed body, speed 2, tough skin 3
a: Depart the Abyss, Bend Space, Renounce Religion


You were on level 3 of the Dungeon.
You worshipped Lugonu.
Lugonu was pleased with you.
You were hungry.

You visited 1 branch of the dungeon, and saw 3 of its levels.
You visited the Abyss 1 time.

You collected 194 gold pieces.

Inventory:

Hand Weapons
 a - a +1 hand axe (weapon)
Armour
 b - a +0 leather armour
 g - a +0 plate armour (worn)
Scrolls
 d - a scroll of random uselessness {unknown}
 e - a scroll of amnesia {unknown}
 j - 3 scrolls of remove curse {unknown}
 k - 4 scrolls of noise {unknown}
 n - a scroll of teleportation {unknown}
 o - a scroll of recharging {unknown}
 p - a scroll of identify {unknown}
Potions
 h - a potion of flight {unknown}
 i - a potion of might
 l - a potion of degeneration {unknown}
 m - 2 potions of lignification {unknown}
 r - a potion of curing {unknown}
Comestibles
 c - 4 bread rations
 f - 2 royal jellies
 q - 4 fruits
 s - 8 chunks of flesh


   Skills:
 + Level 3.7 Fighting
 + Level 2.9 Axes
 * Level 2.9 Armour
 + Level 0.8 Dodging
 * Level 2.9 Invocations


You had 4 spell levels left.
You didn't know any spells.

Dungeon Overview and Level Annotations

Branches:
Dungeon (3/15)

Altars:


Innate Abilities, Weirdness & Mutations

You have hooves in place of feet.
Armour fits poorly on your strangely shaped body.
You cover ground very quickly.
You have extremely tough skin. (AC +3)


Message History

Unknown command.
You closely miss the orc. Your kick misses the orc.
The orc hits you with a flail.
* * * LOW HITPOINT WARNING * * *
You completely miss the orc. The orc hits you but does no damage.
Unknown command.
You closely miss the orc. You kick the orc!
You kill the orc!
Lugonu accepts your kill. The orc wizard casts a spell at you.
The magic dart hits you!
* * * LOW HITPOINT WARNING * * *
You are feeling hungry.
Things that are here:
a flail; a dagger; a robe You hit the orc wizard.
The orc wizard is lightly wounded.
The orc wizard gestures at you while chanting.
The magic dart hits you!
You die...

...# ###...##.
#........ #.>......
### ###.......# #.#
#........# #.#
#[)....# #.#
#.##.#.# ##'##
#@##.#.# ##...##
#o...#.# ##.....##
#.).##.###.......#
#....#.##........)
.#.......'.....)).)
#........##.........
####..######.......#
#.## ##.....## #.#
##...##


You could see an orc wizard.

Vanquished Creatures
  A centaur skeleton (D:3)
  2 orc wizards (D:3)
  3 adders (D:2)
  4 worms (D:2)
  2 dart slugs (D:1)
  3 leopard geckos
  8 orcs (D:3)
  2 giant cockroaches (D:2)
  2 goblins
  5 hobgoblins
  4 jackals
  A quokka (D:2)
  5 bats
  A frilled lizard (D:1)
  4 kobolds (D:2)
  9 rats
56 creatures vanquished.

Notes
Turn   | Place    | Note
-------+----------+-------------------------------------------
     0 | Abyss:1  | Gargoyl the Centaur Abyssal Knight began the quest for the Orb.
     0 | Abyss:1  | Reached XP level 1. HP: 19/19 MP: 2/2
    63 | Abyss:2  | Noticed a small abomination
    77 | Abyss:2  | Noticed a ynoxinul
    92 | Abyss:3  | Found a corrupted altar of Lugonu.
   152 | Abyss:3  | Found a basalt altar of Yredelemnul.
   153 | Abyss:3  | Noticed a large abomination
   161 | Abyss:3  | Noticed an efreet
   171 | Abyss:3  | Noticed a Hell Sentinel
   199 | Abyss:3  | Noticed a bone dragon
   200 | Abyss:3  | Noticed a hellwing
   205 | Abyss:3  | Noticed a soul eater
   209 | D:1      | Escaped the Abyss
   246 | D:1      | Reached XP level 2. HP: 14/26 MP: 3/3
   473 | D:1      | Reached * piety under Lugonu
  1113 | D:2      | Reached XP level 3. HP: 7/31 MP: 4/4
  1591 | D:2      | Reached XP level 4. HP: 37/38 MP: 5/5
  2087 | D:3      | Reached ** piety under Lugonu
  2518 | D:3      | Reached XP level 5. HP: 26/46 MP: 5/7
  2698 | D:3      | Killed from afar by an orc wizard

Skill      XL: |  1  2 |
---------------+-------+-----
Axes           | 2 |  2.9
Armour         | 2 |  2.9
Fighting       | |  3.7
Dodging        | |  0.8
Invocations    | |  2.9

Action                   |  1- 3 |  4- 6 || total
-------------------------+-------+-------++-------
Melee: Hand axe          |   109 |    71 ||   180
       Kick              |    18 |    20 ||    38
Invok: Depart the Abyss  |     1 |       ||     1
  Use: Potion            |     2 |       ||     2
  Eat: Chunk             |     1 |     3 ||     4
Armor: Plate armour      |   133 |    75 ||   208
       Leather armour    |     1 |       ||     1
Dodge: Dodged            |    25 |    17 ||    42
